Workbook

Sheet 第8号様式
A1: 第8号様式
A2: 二宮町ふるさと納税支援業務委託 見積書
G4: 令和 年 月 日
A5: 二宮町長
F6: 所在地
F7: 商号又は名称
F8: 代表者職・氏名
C10: 総額（税抜き） | D10: =SUM(H15:H17) -> 0 | F10: （令和9年度～令和11年度分）
A12: 二宮町ふるさと納税支援業務委託について、下記のとおり見積りいたします。
A14: 年度 | B14: 寄附金額（見込） | C14: 寄附件数（見込） | D14: 基本業務 委託料割合 | E14: 発送業務単価 1件当たり | F14: 基本業務 委託料 | G14: 発送業務費 | H14: 総額
A15: 令和9年度 | F15: =B15*D15 -> 0 | G15: =C15*E15 -> 0 | H15: =SUM(F15:G15) -> 0
A16: 令和10年度 | F16: =B16*D16 -> 0 | G16: =C16*E16 -> 0 | H16: =SUM(F16:G16) -> 0
A17: 令和11年度 | F17: =B17*D17 -> 0 | G17: =C17*E17 -> 0 | H17: =SUM(F17:G17) -> 0
A18: 【注意事項】
A19: ①基本業務委託料割合は、小数点第1位までとする。 ②発送業務単価には郵送料を含む。また、発送業務を基本業務委託料に含む場合は、発送業務単価1件当たりは0円とする。 ③返礼品調達費、返礼品送料については、別途請求するものとする。

Sheet 第9号様式
A1: 第9号様式
A3: 二宮町ふるさと納税支援業務委託 収支計算書
D5: 事業者名
A7: 令和9～11年度収支合計 | C7: =D15+D20+D25 -> 0 | E7: 円【⑤+⑩+⑮】
E9: 単位：円
A10: 年度 | B10: 項目 | D10: 金額 | E10: 備考
A11: =第8号様式!A15 -> 令和9年度 | B11: 寄附金額 | C11: ① | D11: =第8号様式!B15 -> 0
B12: 基本業務委託料 | C12: ② | D12: =第8号様式!F15 -> 0
B13: 発送業務委託料 | C13: ③ | D13: =第8号様式!G15 -> 0
B14: 返礼品調達費用 | C14: ④ | D14: =ROUNDDOWN(D11*0.27,0) -> 0 | E14: 寄附金額×0.27（小数点以下切り捨て）
B15: 収支 【①‐②-③-④】 | C15: ⑤ | D15: =D11-D12-D13-D14 -> 0
A16: =第8号様式!A16 -> 令和10年度 | B16: 寄附金額 | C16: ⑥ | D16: =第8号様式!B16 -> 0
B17: 基本業務委託料 | C17: ⑦ | D17: =第8号様式!F16 -> 0
B18: 発送業務委託料 | C18: ⑧ | D18: =第8号様式!G16 -> 0
B19: 返礼品調達費用 | C19: ⑨ | D19: =ROUNDDOWN(D16*0.27,0) -> 0 | E19: 寄附金額×0.27（小数点以下切り捨て）
B20: 収支 【⑥‐⑦-⑧-⑨】 | C20: ⑩ | D20: =D16-D17-D18-D19 -> 0
A21: =第8号様式!A17 -> 令和11年度 | B21: 寄附金額 | C21: ⑪ | D21: =第8号様式!B17 -> 0
B22: 基本業務委託料 | C22: ⑫ | D22: =第8号様式!F17 -> 0
B23: 発送業務委託料 | C23: ⑬ | D23: =第8号様式!G17 -> 0
B24: 返礼品調達費用 | C24: ⑭ | D24: =ROUNDDOWN(D21*0.27,0) -> 0 | E24: 寄附金額×0.27（小数点以下切り捨て）
B25: 収支 【⑪‐⑫-⑬-⑭】 | C25: ⑮ | D25: =D21-D22-D23-D24 -> 0
A26: 【注意事項】
A27: ①見積書（第８号様式）の内容と整合させること。
A28: ②支出には、記載の項目以外（広告費、返礼品送料など）は含みません。
